 Dungeon Crawl Stone Soup version 0.30.1-3-gfc49f6343a (webtiles) character file.

Game seed: 8278598159545869941

34 sampeng1 the Ducker (level 3, 0/28 HPs)
             Began as a Human Gladiator on July 30, 2023.
             Slain by an adder (2 damage)
             ... on level 2 of the Dungeon.
             The game lasted 00:01:56 (957 turns).

sampeng1 the Ducker (Human Gladiator)                Turns: 957, Time: 00:01:56

Health: 0/28       AC:  4    Str: 16    XL:     3   Next: 50%
Magic:  3/3        EV: 12    Int:  8    God:
Gold:   14         SH:  0    Dex: 14    Spells: 2/2 levels left

rFire   . . .        a - +0 war axe
rCold   . . .        (no shield)
rNeg    . . .        b - +0 leather armour
rPois   .            c - +0 helmet
rElec   .            (no cloak)
rCorr   .            (no gloves)
SInv    .            (no boots)
Will    .....        (no amulet)
Stlth   +            (no ring)
HPRegen 0.24/turn    (no ring)
MPRegen 0.08/turn

%: no passive effects
@: no status effects
A: no striking features
a: no special abilities


You were on level 2 of the Dungeon.
You visited 1 branch of the dungeon, and saw 2 of its levels.

You collected 14 gold pieces.

Inventory:

Hand Weapons
 a - a +0 war axe (weapon)
Missiles
 d - 3 throwing nets (quivered)
 e - a javelin
Armour
 b - a +0 leather armour (worn)
 c - a +0 helmet (worn)
Jewellery
 i - a ring of resist corrosion
Scrolls
 f - a scroll of teleportation {unknown}
 g - a scroll of identify {unknown}
Potions
 h - a potion of curing {unknown}
 j - 2 potions of mutation {unknown}
 k - a potion of flight {unknown}
 l - a potion of haste {unknown}


   Skills:
 + Level 2.4 Fighting
 + Level 3.3 Axes
 + Level 2.4 Throwing
 + Level 0.2 Armour
 + Level 3.3 Dodging


You had 2 spell levels left.
You didn't know any spells.
Your spell library contained the following spells:

 Spells                   Type           Power      Damage    Failure   Level
 Hailstorm                Conj/Ice       0%         3d3       85%         3
 Ozocubu's Armour         Ice            0%         N/A       85%         3
 Ice Form                 Ice/Tmut       0%         N/A       99%         4
 Metabolic Englaciation   Hex/Ice        0%         N/A       100%        5
 Simulacrum               Ice/Necr       0%         N/A       100%        6


Dungeon Overview and Level Annotations

Branches:
Dungeon (2/15)

Altars:


Message History

You kill the quokka!
The adder bites you but does no damage. The adder bites you.
You are poisoned.
The adder poisons you! The adder bites you but does no damage.
The adder bites you.
You barely miss the adder.
The adder is severely wounded.
You barely miss the adder.
You feel sick. The adder bites you. The adder misses you.
The adder bites you but does no damage.
You closely miss the adder.
The adder is severely wounded.
You hit the adder.
You feel sick. The adder barely misses you. The adder bites you.
The adder bites you but does no damage.
You hit the adder but do no damage.
The adder is severely wounded.
You barely miss the adder.
You feel sick.
You are no longer poisoned.
The adder bites you.
* * * LOW HITPOINT WARNING * * *
You are poisoned.
The adder poisons you! The adder closely misses you. x2
The adder barely misses you.
You feel sick. The adder bites you but does no damage.
The adder completely misses you.
You feel sick. The adder closely misses you. The adder bites you.
* * * LOW HITPOINT WARNING * * *
The adder bites you but does no damage.
You slash the adder!
You kill the adder!
You barely miss the adder.
* * * LOW HITPOINT WARNING * * *
You feel sick. The adder misses you.
You feel sick.
You are no longer poisoned.
The adder bites you but does no damage. x2
You see here an adder corpse.
You hit the adder.
The adder is lightly wounded.
The adder bites you.
You die...

.... ....>
########.# .....
#....##..# ##
......#....##..#
... ......#....#...
#.# ...........#..#
#..#
####<...#..###.>#
#.......#......#
##.#....#.@...# .
#.##....#.S...#....
#. #.......$.......
# #.............>.
#.##..#........##
#...............#
#................
#................
#................


You could see an adder.

Vanquished Creatures
  A gnoll (D:1)
  An adder (D:2)
  A ball python (D:1)
  3 endoplasms
  2 goblins (D:1)
  2 quokkas (D:2)
  2 bats (D:1)
  A frilled lizard (D:1)
  3 kobolds (D:1)
16 creatures vanquished.

Notes
Turn   | Place    | Note
-------+----------+-------------------------------------------
     0 | D:1      | sampeng1 the Human Gladiator began the quest for the Orb.
     0 | D:1      | Reached XP level 1. HP: 16/16 MP: 1/1
   240 | D:1      | Reached XP level 2. HP: 22/22 MP: 2/2
   617 | D:1      | Reached XP level 3. HP: 10/28 MP: 3/3
   957 | D:2      | Slain by an adder

Illustrated notes

Levels and vault maps discovered:
D:1:      evilmike_arrival_rings, layout_basic, nrook_uturn, minmay_tetromino_t4
D:2:      minmay_angry_zag, layout_rooms, serial_curves, eino_curves_01,
          eino_curves_02, basic_altar, kennysheep_generic_room_2

Action                     || total
---------------------------++-------
  Melee: War axe           ||    34
         Punch             ||     1
   Stab: Sleeping          ||     1
 Armour: Leather armour    ||    18
  Dodge: Dodged            ||    27
